 Dungeon Crawl Stone Soup version 0.29.0-5-ge4962eb29e (webtiles) character file.

Game seed: 2462117638617691445

70 Zeldest the Sneak (level 4, -2/35 HPs)
             Began as a Mummy Delver on Aug 29, 2022.
             Killed from afar by a white imp (3 damage)
             ... with a puff of frost
             ... on level 4 of the Dungeon.
             The game lasted 00:04:27 (3504 turns).

Zeldest the Sneak (Mummy Delver)                    Turns: 3504, Time: 00:04:28

Health: -2/35      AC:  3    Str: 15    XL:     4   Next: 4%
Magic:  7/7        EV: 11    Int: 17    God:
Gold:   136        SH:  0    Dex: 13    Spells: 6/7 levels left

rFire   . . .      SeeInvis .   l - +0 quarterstaff
rCold   + . .      Faith    .   (shield currently unavailable)
rNeg    + + +      Spirit   .   b - +0 leather armour
rPois   ∞          Reflect  .   (no helmet)
rElec   .          Harm     .   (no cloak)
rCorr   .          Rampage  .   (no gloves)
Will    .....                   (no boots)
Stlth   ++........              (no amulet)
HPRegen 0.11/turn               i - ring of protection from fire
MPRegen 0.10/turn               p - +6 ring of intelligence

@: no status effects
A: cold resistance 1, negative energy resistance 3, torment resistance 2, heat
vulnerability 1, in touch with death 1, no potions
a: no special abilities


You were on level 4 of the Dungeon.
You visited 1 branch of the dungeon, and saw 5 of its levels.

You collected 136 gold pieces.

Inventory:

Hand Weapons
 a - a +0 short sword
 l - a +0 quarterstaff (weapon)
Armour
 b - a +0 leather armour (worn)
Jewellery
 i - a ring of protection from fire (left hand)
 p - a +6 ring of intelligence (right hand)
Wands
 f - a wand of digging (3)
 r - a wand of charming (8)
Scrolls
 c - a scroll of fog
 d - a scroll of immolation {unknown}
 e - 3 scrolls of fear
 g - a scroll of torment {unknown}
 h - 3 scrolls of noise {unknown}
 j - 3 scrolls of enchant armour {unknown}
 k - 3 scrolls of teleportation {unknown}
 m - 3 scrolls of poison {unknown}
 n - a scroll of enchant weapon {unknown}
 o - a scroll of blinking {unknown}
 q - a scroll of identify {unknown}
 s - a scroll of amnesia {unknown}


   Skills:
 - Level 3.2 Fighting
 - Level 1.5 Short Blades
 - Level 1.5 Dodging
 - Level 4.1 Stealth
 + Level 2.1 Spellcasting
 * Level 2.8 Necromancy


You had 6 spell levels left.
You knew the following spells:

 Your Spells              Type           Power      Damage    Failure   Level
a - Necrotise             Necr           68%        1d7       7%          1

Your spell library contained the following spells:

 Spells                   Type           Power      Damage    Failure   Level
 Apportation              Tloc           2%         N/A       24%         1
 Summon Small Mammal      Summ           4%         N/A       24%         1
 Ensorcelled Hibernation  Hex/Ice        2%         N/A       34%         2
 Anguish                  Hex/Necr       5%         N/A       78%         4
 Spider Form              Tmut/Pois      Unusable   N/A       N/A         3

Dungeon Overview and Level Annotations

Branches:
Dungeon (5/15)
 Temple: D:4-7

Altars:

Annotations:
D:4 exclusion: scorpion


Innate Abilities, Weirdness & Mutations

You are immune to poison.
Your flesh is cold resistant. (rC+)
You are immune to negative energy. (rN+++)
You are immune to unholy pain and torment.
You are vulnerable to heat. (rF-)
You are in touch with the powers of death.
You do not drink.


Message History

The white imp freezes you. You resist.
You hit the white imp.
The white imp is moderately wounded.
The white imp hits you. The white imp freezes you. You resist.
The white imp gestures at you. The puff of frost hits you. You resist.
You hit the white imp.
The white imp is almost dead.
The white imp hits you but does no damage.
You closely miss the white imp.
The white imp is almost dead.
The white imp disappears for a moment.
The white imp hits you. The white imp freezes you. You resist.
* * * LOW HITPOINT WARNING * * *
You barely miss the white imp.
The white imp is almost dead.
The white imp hits you but does no damage.
The white imp gestures at you. The puff of frost hits you. You resist.
* * * LOW HITPOINT WARNING * * *
You closely miss the white imp.
The white imp is almost dead.
The white imp hits you.
* * * LOW HITPOINT WARNING * * *
The white imp freezes you. You resist.
* * * LOW HITPOINT WARNING * * *
You closely miss the white imp.
The white imp is almost dead.
The white imp closely misses you.
You hit the white imp but do no damage.
The white imp is almost dead.
The white imp hits you but does no damage.
You closely miss the white imp.
The white imp is almost dead.
The white imp gestures at you. The puff of frost hits you. You resist.
* * * LOW HITPOINT WARNING * * *
The white imp gestures at you. The puff of frost hits you. You resist.
You die...

,,,,.........#.#.#.*,*,*#....##8.
,,,,...........#..,*,*,*#....##..
,,,,...........#.###.#,*#....#>..
,,,,................,#,*#....##..
,,,,.........##..#####.##....##8.
,,,,...................#.....#***
,,,,.........##...####.......# #
,,,,.........###5..##........# #
,,,,.........###@#.##........####
,,,,.........##.....#.###....'...
,,,,.........##.....#.###....####
,,,,.........##........##....# #
,,,,..........#....##...#....####
,,,,,,,,,,,,,,#....##............
,,,,,,,,,,,,,,#....#####.....####
,,,,,,,,,,,,,,#....# ##.#### #
,,,,,,,,,,,,,....### #..# #


You could see a white imp.

Vanquished Creatures
  2 adders (D:2)
  A worm (D:2)
  6 endoplasms
  2 giant cockroaches
  2 goblins
  6 hobgoblins
  2 jackals (D:1)
  6 kobolds
  2 quokkas
  4 ball pythons
  4 bats
  4 frilled lizards
  4 rats
45 creatures vanquished.

Notes
Turn   | Place    | Note
-------+----------+-------------------------------------------
     0 | D:5      | Zeldest the Mummy Delver began the quest for the Orb.
     0 | D:5      | Reached XP level 1. HP: 18/18 MP: 1/1
   770 | D:1      | Reached skill level 1 in Necromancy
   770 | D:1      | Reached XP level 2. HP: 14/24 MP: 1/3
   989 | D:1      | Reached skill level 1 in Spellcasting
  1038 | D:1      | Found a faded altar of an unknown god.
  1087 | D:1      | Learned a level 1 spell: Necrotise
  1561 | D:2      | Gained mutation: You are in touch with the powers of death.
                  | [Mummy growth]
  1561 | D:2      | Reached XP level 3. HP: 17/29 MP: 5/5
  3443 | D:4      | Reached XP level 4. HP: 31/35 MP: 7/7
  3447 | D:4      | Noticed a scorpion
  3504 | D:4      | HP: 1/35 [white imp/puff of frost (4)]
  3504 | D:4      | Killed from afar by a white imp

Illustrated notes

Levels and vault maps discovered:
D:1:      onia_arrival_pyramid, layout_loops_cross,
          hellmonk_ecumenical_altar_arch_garden, amcnicky_mini_pool_small
D:2:      layout_loops_cross, minmay_tetromino_i4
D:3:      layout_basic, minmay_cupped
D:4:      layout_basic, pdpol_wu_jian_five_deadly_venoms,
          nicolae_overflow_hidden_temple, grunt_temple_overflow_open,
          serial_shops, nicolae_shop_advertising_works
          [nicolae_subvault_shop_adworks]
D:5:      layout_cave_pools, zin_statuary

Skill      XL: |  1  2  3 |
---------------+----------+-----
Necromancy     | 1 2 |  2.8
Spellcasting   | 1 2 |  2.1
Fighting       | |  3.2
Short Blades   | |  1.5
Dodging        | |  1.5
Stealth        | |  4.1

Action                   |  1- 3 |  4- 6 || total
-------------------------+-------+-------++-------
Melee: Short sword       |    95 |       ||    95
       Punch             |     1 |       ||     1
       Quarterstaff      |    65 |    13 ||    78
 Cast: Necrotise         |    12 |       ||    12
  Use: Scroll            |     1 |       ||     1
 Stab: Sleeping          |     7 |       ||     7
Armor: Leather armour    |    69 |     4 ||    73
Dodge: Dodged            |   136 |     2 ||   138
